 Dungeon Crawl Stone Soup version 0.16-a0-3533-gc382f62 (console) character file.

6325 MrRokkomies the Martial Artist (level 10, -7/74 HPs)
             Began as an Octopode Transmuter on Jan 8, 2015.
             Was an Initiate of Ru.
             Killed from afar by a steam dragon (14 damage)
             ... with a ball of steam
             ... on level 9 of the Dungeon.
             The game lasted 01:11:32 (12692 turns).

MrRokkomies the Martial Artist (OpTm)              Turns: 12692, Time: 01:11:33

Health: -7/74      AC:  1    Str: 12    XL:     10   Next: 95%
Magic:  10/16      EV: 14    Int: 15    God:    Ru [......]
Gold:   377        SH:  0    Dex: 14    Spells: 4 memorised, 2 levels left

rFire  . . .     SeeInvis .       - Unarmed
rCold  . . .     Clarity  .     (shield currently unavailable)
rNeg   . . .     SustAb   .     (helmet restricted)
rPois  .         Gourm    +     e - amulet of the gourmand
rElec  .         Spirit   .     H - ring of protection from magic
rCorr  .         Warding  .     (no ring)
rMut   .         Stasis   .     (no ring)
MR     +....                    (no ring)
Stlth  +++++.....               (no ring)
                                (no ring)
                                (no ring)
                                (no ring)

@: blade tentacles, somewhat resistant to hostile enchantments, quite stealthy
A: almost no armour, amphibious, 8 rings, constrict 8, camouflage 1, robust 1,
gelatinous body 1, placid magic 1, MP-powered wands 1
a: End Transformation, Sacrifice Stealth, Sacrifice Arcana, Sacrifice Essence,
Reject Sacrifices, Renounce Religion


You were on level 9 of the Dungeon.
You worshipped Ru.
Ru was noncommittal.
You were not hungry.
You had blades for tentacles.
You visited 2 branches of the dungeon, and saw 10 of its levels.

You collected 377 gold pieces.

Inventory:

Hand weapons
 A - a +0 shortbow
Missiles
 b - 56 arrows
 q - 48 poisoned needles
 s - 11 stones (quivered)
Jewellery
 e - an amulet of the gourmand (around mantle)
 H - a ring of protection from magic (left scythe-like blade)
Magical devices
 l - a wand of magic darts (9)
 u - a wand of polymorph (0)
 v - a wand of enslavement (10)
 y - a wand of lightning (12)
Scrolls
 f - a scroll of immolation
 k - 6 scrolls of remove curse
 o - a scroll of magic mapping
 w - a scroll of recharging
 C - a scroll of blinking
 D - a scroll of teleportation
 G - a scroll of fear
Potions
 c - a potion of brilliance
 g - 2 potions of magic
 h - a potion of haste
 i - 2 potions of cure mutation
 n - a potion of poison
 p - 2 potions of lignification
 r - 2 potions of restore abilities
 x - a potion of resistance {unknown}
 E - 2 potions of flight {unknown}
Books
 d - a book of Changes

   Spells                             Type                      Level
   a - Beastly Appendage              Transmutation                1
   b - Sticks to Snakes               Transmutation                2
   c - Spider Form                    Transmutation/Poison         3
   d - Ice Form                       Ice/Transmutation            4
   e - Blade Hands                    Transmutation                5
Comestibles
 a - 7 bread rations
 j - 5 meat rations
 m - 4 beef jerkies
 z - 6 fruits
 B - a royal jelly
 I - a slice of pizza


   Skills:
 - Level 6.1 Fighting
 * Level 4.7 Dodging
 - Level 6.0 Stealth
 - Level 11.0 Unarmed Combat
 - Level 2.0 Spellcasting
 - Level 9.0 Transmutations


You had 2 spell levels left.
You knew the following spells:

 Your Spells              Type           Power        Failure   Level  Hunger
a - Beastly Appendage     Trmt           ###...       5%          1    #......
b - Sticks to Snakes      Trmt           ###.......   7%          2    ###....
c - Spider Form           Trmt/Pois      ##........   34%         3    ###....
d - Blade Hands           Trmt           ###.......   43%         5    ######.


Dungeon Overview and Level Annotations

Branches:
Dungeon (9/15)             Temple (1/1) D:7             Orc (0/4) D:9
   Lair: D:8-11

Altars:
Ashenzari
Cheibriados
Dithmenos
Fedhas
Gozag
Kikubaaqudgha
Nemelex Xobeh
Okawaru
Qazlal
Ru
Trog
Vehumet
Yredelemnul
Zin

Annotations:
D:7 runed door


Innate Abilities, Weirdness & Mutations

You cannot wear most types of armour.
You are amphibious.
You can wear up to eight rings at the same time.
You can use your tentacles to constrict many enemies at once.
Your skin changes colour to match your surroundings (Stealth).
Your rubbery body absorbs attacks (AC +1).
You are robust (+10% HP).
Your spells are a little easier to cast, but a little less powerful.
You expend magic power (3 MP) to slightly strengthen your wands.


Message History

The steam dragon is almost dead.
You are engulfed in a cloud of scalding steam.
The steam dragon breathes steam at you. The ball of steam hits you!
* * * LOW HITPOINT WARNING * * *
You hit the steam dragon.
The steam dragon is almost dead.
The steam dragon bites you!
* * * LOW HITPOINT WARNING * * *
The steam dragon claws you.
* * * LOW HITPOINT WARNING * * *
You hit the steam dragon but do no damage.
The steam dragon is almost dead.
The steam dragon barely misses you. The steam dragon claws you.
* * * LOW HITPOINT WARNING * * *
You closely miss the steam dragon.
The steam dragon is almost dead.
The steam dragon breathes steam at you. The ball of steam hits you!
You die...

.. #.. . #. #.. #.
..... ...... . .
...... . ..#####
#...... .
.......###........
≈≈ ≈≈≈≈≈≈.##@...# ≈≈
≈≈≈≈D§.§#D..##
###########≈≈§.....#
........≈)#≈≈§....##
........###≈≈.##..#
.........>#≈≈.##...#
........###≈≈.###..#
........≈)#≈≈.# #...
###########≈≈.# ...#


You could see a steam dragon.

Vanquished Creatures
  Pikel (D:4)
  A two-headed ogre (D:8)
  A trapdoor spider (D:7)
  2 wyverns (D:8)
  A hungry ghost (D:7)
  Edmund (D:8)
  A water moccasin (D:9)
  6 orc warriors
  3 slaves (D:4)
  7 ogres
  2 ice beasts
  A black bear (D:8)
  2 necrophages (D:8)
  Sigmund (D:4)
  Duvessa (D:4)
  5 centaurs
  7 giant frogs
  The ghost of UristMcMason the Skirmisher, a weakling NaFi (D:3)
  5 scorpions
  3 wights (D:8)
  9 killer bees
  2 hounds
  Dowan (D:4)
  2 crimson imps (D:8)
  A giant frog zombie (D:8)
  4 jellies
  Crazy Yiuf (D:4)
  3 giant frog skeletons
  6 orc priests
  6 orc wizards
  7 worker ants
  3 iguanas
  A killer bee zombie (D:8)
  Ijyb (D:4)
  Jessica (D:5)
  A hound skeleton (D:5)
  2 worker ant zombies
  12 adders
  10 gnolls
  3 worms
  10 giant geckos
  27 orcs
  2 ball pythons
  2 bat skeletons (D:4)
  A bat zombie (D:7)
  17 hobgoblins
  6 jackals (D:1)
  3 quokkas
  15 bats
  7 giant cockroaches
  A giant cockroach zombie (D:5)
  2 giant gecko zombies (D:8)
  5 giant newts
  A giant spore (D:7)
  19 goblins
  13 kobolds
  19 rats
278 creatures vanquished.

Vanquished Creatures (collateral kills)
  A giant cockroach (D:2)
1 creature vanquished.

Vanquished Creatures (others)
  A quokka (D:4)
1 creature vanquished.

Grand Total: 280 creatures vanquished

Notes
Turn   | Place    | Note
--------------------------------------------------------------
     0 | D:1      | MrRokkomies, the Octopode Transmuter, began the quest for the Orb.
     0 | D:1      | Reached XP level 1. HP: 13/13 MP: 3/3
   399 | D:1      | Reached XP level 2. HP: 13/19 MP: 1/4
  1026 | D:1      | Reached XP level 3. HP: 15/24 MP: 4/6
  1376 | D:2      | Learned a level 2 spell: Sticks to Snakes
  1380 | D:2      | Learned a level 3 spell: Spider Form
  1464 | D:2      | Reached skill level 1 in Stealth
  1634 | D:2      | Reached XP level 4. HP: 25/30 MP: 5/7
  2326 | D:3      | Noticed UristMcMason's ghost (weakling NaFi)
  2344 | D:3      | Killed UristMcMason's ghost
  2344 | D:3      | Reached skill level 4 in Unarmed Combat
  2504 | D:3      | Reached XP level 5. HP: 18/36 MP: 9/9
  2569 | D:3      | Found an iron altar of Okawaru.
  2687 | D:4      | Noticed Sigmund
  2697 | D:4      | Killed Sigmund
  2752 | D:4      | Reached XP level 6. HP: 17/43 MP: 5/10
  3863 | D:4      | Noticed Duvessa
  3867 | D:4      | Noticed Dowan
  3868 | D:4      | Noticed an ogre
  3873 | D:4      | Killed Dowan
  3881 | D:4      | Killed Duvessa
  3881 | D:4      | Reached skill level 5 in Unarmed Combat
  3885 | D:4      | HP: 2/43 [ogre/giant spiked club (21)]
  3892 | D:4      | HP: 2/43 [bat skeleton (1)]
  4130 | D:4      | Noticed a slave
  4135 | D:4      | Noticed a slave
  4147 | D:4      | Killed a slave
  4186 | D:4      | Noticed a slave
  4203 | D:4      | Killed a slave
  4282 | D:4      | Reached XP level 7. HP: 38/49 MP: 10/12
  4417 | D:4      | Noticed an ogre
  4427 | D:4      | Killed an ogre
  4458 | D:4      | Killed an ogre
  4463 | D:4      | Noticed Ijyb
  4470 | D:4      | Reached skill level 5 in Fighting
  4485 | D:4      | HP: 1/50 [worker ant (7)]
  4487 | D:4      | Reached skill level 5 in Stealth
  4500 | D:4      | Killed Ijyb
  4687 | D:4      | Noticed a slave
  4696 | D:4      | Killed a slave
  4699 | D:4      | Noticed Pikel
  4708 | D:4      | Killed Pikel
  4708 | D:4      | Reached skill level 6 in Fighting
  4708 | D:4      | Reached XP level 8. HP: 30/57 MP: 4/13
  4929 | D:4      | Noticed Crazy Yiuf
  4939 | D:4      | Killed Crazy Yiuf
  5253 | D:4      | Learned a level 5 spell: Blade Hands
  5256 | D:5      | Entered Level 5 of the Dungeon
  5426 | D:5      | Reached skill level 7 in Unarmed Combat
  6211 | D:5      | Reached XP level 9. HP: 21/62 MP: 11/14
  6637 | D:5      | Found a sparkling altar of Nemelex Xobeh.
  6637 | D:5      | Noticed Jessica
  6643 | D:5      | Killed Jessica
  6705 | D:6      | Reached skill level 8 in Unarmed Combat
  6772 | D:6      | Found a shattered altar of Ashenzari.
  6877 | D:6      | Found a snail-covered altar of Cheibriados.
  6933 | D:6      | Reached skill level 5 in Transmutations
  8122 | D:7      | Found a staircase to the Ecumenical Temple.
  8150 | Temple   | Entered the Ecumenical Temple
  8160 | Temple   | Became a worshipper of Ru the Awakened
  8387 | D:7      | Reached skill level 9 in Unarmed Combat
  8449 | D:7      | Found a huge runed gate.
  8452 | D:7      | Found a huge runed gate.
  8452 | D:7      | Found a huge runed gate.
  8453 | D:7      | Found a huge runed gate.
  8897 | D:7      | Reached XP level 10. HP: 27/68 MP: 14/16
  9300 | D:8      | Reached skill level 10 in Unarmed Combat
  9673 | D:8      | Noticed Edmund
  9685 | D:8      | Killed Edmund
 11432 | D:9      | Reached skill level 11 in Unarmed Combat
 12419 | D:9      | Found a staircase to the Orcish Mines.
 12668 | D:9      | Gained mutation: You expend magic power (3 MP) to slightly strengthen your wands. [potion of mutation]
 12668 | D:9      | Gained mutation: Your spells are a little easier to cast, but a little less powerful. [potion of mutation]
 12668 | D:9      | Gained mutation: You are robust (+10% HP). [potion of mutation]
 12692 | D:9      | Killed from afar by a steam dragon

Action                   |  1- 3 |  4- 6 |  7- 9 | 10-12 || total
-------------------------+-------+-------+-------+-------++-------
Melee: Unarmed           |   101 |   140 |   299 |   229 ||   769
Throw: Tomahawk          |     2 |     9 |    24 |    10 ||    45
       Stone             |       |     5 |    18 |    40 ||    63
 Cast: Beastly Appendage |     9 |    10 |    10 |     7 ||    36
       Sticks to Snakes  |       |     9 |       |       ||     9
       Spider Form       |       |     4 |    14 |     8 ||    26
       Blade Hands       |       |       |       |     6 ||     6
Evoke: Wand              |       |       |       |    13 ||    13
  Use: Scroll            |     4 |    11 |     3 |     3 ||    21
       Potion            |       |     4 |     6 |     5 ||    15
 Stab: Sleeping          |     5 |     8 |    12 |     4 ||    29
       Distracted        |       |       |     3 |       ||     3
  Eat: Chunk             |     4 |    15 |    18 |    15 ||    52
